 Dungeon Crawl Stone Soup version bcrawl-1.18.1 (webtiles) character file.

Game seed: 9327268382226121742

3663 Morbidden the Destroyer (level 10, -18/63 HPs)
             Began as a Fairy Conjurer on Nov 9, 2019.
             Was an Elder of Okawaru.
             Killed from afar by a fire dragon (38 damage)
             ... with a blast of flame
             ... on level 7 of the Dungeon.
             The game lasted 00:13:58 (5964 turns).

Morbidden the Destroyer (Fairy Conjurer)            Turns: 5964, Time: 00:13:59

Health: -18/63     AC: 16    Str:  6    XL:     10   Next: 12%
Magic:  25/26      EV: 22    Int: 23    God:    Okawaru [****..]
Gold:   407        SH: 10    Dex: 12    Spells: 26/30 levels left

rFire    . . .     SeeInvis .   o - +1 short sword (venom)
rCold    . . .     Gourm    .   (shield restricted)
rNeg     . . .     Faith    .   (armour unavailable)
rPois    +         Spirit   .   j - +2 helmet
rElec    .         Reflect  +   l - +0 cloak
rCorr    .         Harm     .   M - +2 pair of gloves
MR       +....                  r - +2 pair of boots
Stlth    ++........             i - +4 amulet of reflection
HPRegen  0.20/turn              F - ring of poison resistance
MPRegen  0.20/turn              (no ring)

@: about to teleport, heroism, flying evasively
A: small, magic attunement, unstealthy, unfitting armour, able to fly, AC/SH +6
a: Stop Flying, Heroism, Renounce Religion


You were on level 7 of the Dungeon.
You worshipped Okawaru.
Okawaru was greatly pleased with you.
You were not hungry.

You visited 1 branch of the dungeon, and saw 7 of its levels.
You also visited: Sewer.

You collected 407 gold pieces.

Inventory:

Hand Weapons
 o - a +1 short sword of venom (weapon)
Armour
 j - a +2 helmet (worn)
 l - a +0 cloak (worn)
 r - a +2 pair of boots (worn)
 M - a +2 pair of gloves (worn)
Jewellery
 i - a +4 amulet of reflection (around neck)
 q - an uncursed ring of ice
 F - a ring of poison resistance (left hand)
Wands
 d - a wand of acid (16)
 m - a wand of polymorph (13)
 u - a wand of enslavement (10)
 A - a wand of digging (6)
 J - a wand of paralysis (14)
Scrolls
 g - 4 scrolls of magic mapping
 h - 2 scrolls of remove curse
 k - 20 scrolls of identify
 p - 2 scrolls of immolation
 t - 2 scrolls of blinking {unknown}
 w - a scroll of fear {unknown}
 y - a scroll of enchant armour {unknown}
 B - 3 scrolls of teleportation
 H - 2 scrolls of amnesia {unknown}
 I - a scroll of enchant weapon {unknown}
Potions
 a - a potion of agility {unknown}
 b - 2 potions of magic
 e - 2 potions of berserk rage {unknown}
 f - a potion of haste {unknown}
 n - 3 potions of lignification {unknown}
 s - 6 potions of curing
 v - a potion of heal wounds {unknown}
 x - 2 potions of degeneration {unknown}
 z - 3 potions of might
 C - 3 potions of invisibility {unknown}
 D - 2 potions of flight {unknown}
 E - 2 potions of resistance {unknown}
 G - a potion of brilliance {unknown}
 K - 2 potions of mutation {unknown}
Comestibles
 c - 12 rations {!d}
 L - 4 chunks of flesh


   Skills:
 * Level 4.0(9.0) Fighting
 * Level 2.0(7.0) Short Blades
 + Level 4.3(9.3) Dodging
 - Level 1.6(6.6) Stealth
 * Level 10.9 Spellcasting
 * Level 11.0 Conjurations
 * Level 3.9 Invocations


You had 26 spell levels left.
You knew the following spells:

 Your Spells              Type           Power        Failure   Level  Hunger
a - Iskenderun's Mystic   Conj           ######..     1%          3    None
b - Magic Dart            Conj           ####         1%          1    None

Your spell library contained the following spells:

 Spells                   Type           Power        Failure   Level  Hunger
 Searing Ray              Conj           ######       1%          2    None
 Fulminant Prism          Conj/Hex       #####.....   5%          4    None
 Irradiate                Conj/Tmut      #####.....   14%         5    None


Dungeon Overview and Level Annotations

Branches:
Dungeon (7/12)             Temple (0/1) D:5            Lair (0/6) D:7

Altars:
Ashenzari
Elyvilon
Fedhas
Kikubaaqudgha
Lugonu
Okawaru
Qazlal
Sif Muna
Uskayaw
Vehumet
Yredelemnul


Innate Abilities, Weirdness & Mutations

Your spells do not cause hunger and MP costs are reduced by 1.
Your bright wings attract enemies. (Stealth-)
You cannot fit into any form of body armour.
Your shimmering scales are hard and can block incoming attacks. (AC +6, SH +6)
You are small and have problems with some larger weapons.
You can fly continuously.


Message History

Unknown command.
Unknown command.
Found a plate armour.
Okay, then.
Unknown command.
Unknown command.
Okay, then.
As you read the scroll labeled RUURUF BIOLAIPEI, it crumbles to dust.
You feel strangely unstable.
It was a scroll of teleportation.
An adder comes into view.
The fire dragon bites you. The fire dragon completely misses you.
You block the fire dragon's attack.
Unknown command.
Okay, then.
You can no longer speed up your combat.
Okawaru will no longer gift you equipment.
The fire dragon breathes flames at you. The blast of flame hits you!
Ouch! That really hurt!
You die...

#.# #.#.#.###+###.# ##.#
#.#....#...!..# ...#
#.####.#......# ...#
#......'......# ...#
######.#..?...# ...#
.............# ...#
######.......#
...#########..#.#D.#####
..........###...@......#
...)).....###...≈≈≈≈....#
...............≈≈≈≈≈≈S..#
..#...(...####.≈≈..≈≈≈..#
..+.......+ ..≈≈.>≈§§[..
###.......# ##.≈≈≈..§≈.##
###.......####..≈≈≈≈.≈.#
..########<.......§≈≈...
#.# #####....


You could see a fire dragon and an adder.

Vanquished Creatures
  A two-headed ogre (D:5)
  Pikel (D:7)
  Eustachio (D:4)
  Menkaure (D:4)
  2 slaves (D:7)
  2 water moccasins (D:6)
  A black bear (D:6)
  A sky beast (D:6)
  6 ogres
  2 bullfrogs
  A big kobold (D:7)
  A scorpion (D:4)
  A howler monkey (D:6)
  3 crimson imps (D:6)
  Crazy Yiuf (D:2)
  2 hounds
  A centaur skeleton (D:6)
  4 orc priests
  An iguana (D:5)
  3 orc wizards (D:5)
  6 worker ants
  2 hound skeletons
  A worker ant zombie (D:5)
  8 gnolls
  A howler monkey skeleton (D:6)
  5 adders
  2 river rats (D:4)
  4 shadow imps
  5 oozes (Sewer)
  An adder zombie (D:5)
  An adder skeleton (D:4)
  6 worms
  5 dart slugs
  13 leopard geckos
  26 orcs
  11 giant cockroaches
  9 goblins
  4 hobgoblins
  10 jackals
  7 quokkas
  A ball python (Sewer)
  17 bats
  3 frilled lizards
  A jackal zombie (D:4)
  11 kobolds
  15 rats
211 creatures vanquished.

Vanquished Creatures (others)
  A slave (D:7)
  A centaur (D:5)
2 creatures vanquished.

Grand Total: 213 creatures vanquished

Notes
Turn   | Place    | Note
-------+----------+-------------------------------------------
     0 | D:1      | Morbidden the Fairy Conjurer began the quest for the Orb.
     0 | D:1      | Reached XP level 1. HP: 11/11 MP: 6/6
     5 | D:1      | Reached skill level 5 in Conjurations
    25 | D:1      | Reached XP level 2. HP: 17/17 MP: 7/7
   136 | D:1      | Found a shattered altar of Ashenzari.
   292 | D:1      | Reached XP level 3. HP: 21/21 MP: 9/9
   658 | D:2      | Found an iron altar of Okawaru.
   873 | D:2      | Became a worshipper of Warmaster Okawaru
   897 | D:2      | Found a corrupted altar of Lugonu.
   898 | D:2      | Reached skill level 6 in Conjurations
  1088 | D:2      | Reached XP level 4. HP: 27/27 MP: 10/10
  1200 | D:2      | Learned a level 3 spell: Iskenderun's Mystic Blast
  1272 | D:2      | Found a runed door.
  1359 | D:2      | Reached XP level 5. HP: 32/32 MP: 12/12
  1670 | D:2      | Noticed Crazy Yiuf
  1672 | D:2      | Killed Crazy Yiuf
  1788 | D:3      | Reached skill level 1 in Fighting
  1892 | D:3      | Found a blossoming altar of Fedhas.
  1894 | D:3      | Noticed an ogre
  1900 | D:3      | Killed an ogre
  1900 | D:3      | Reached * piety under Okawaru
  1900 | D:3      | Reached skill level 5 in Spellcasting
  1900 | D:3      | Reached skill level 7 in Conjurations
  1900 | D:3      | Reached XP level 6. HP: 38/38 MP: 12/15
  1916 | D:3      | Found an ancient bone altar of Kikubaaqudgha.
  2218 | D:3      | Found a faded altar of an unknown god.
  2400 | D:4      | Noticed Eustachio
  2406 | D:4      | Killed Eustachio
  2406 | D:4      | Reached skill level 1 in Invocations
  2406 | D:4      | Reached XP level 7. HP: 44/44 MP: 10/17
  2549 | D:4      | Found a glowing drain.
  2555 | Sewer    | Entered a sewer
  3148 | D:4      | Reached skill level 8 in Conjurations
  3231 | D:4      | Found a hide-covered altar of Uskayaw.
  3389 | D:4      | Noticed Menkaure
  3398 | D:4      | Killed Menkaure
  3398 | D:4      | Reached ** piety under Okawaru
  3398 | D:4      | Reached XP level 8. HP: 27/50 MP: 17/20
  3770 | D:5      | Entered Level 5 of the Dungeon
  3877 | D:5      | Noticed a two-headed ogre
  3995 | D:5      | Killed a two-headed ogre
  3995 | D:5      | Reached *** piety under Okawaru
  3995 | D:5      | Reached skill level 9 in Conjurations
  3995 | D:5      | Reached XP level 9. HP: 56/56 MP: 12/24
  4297 | D:5      | Found a staircase to the Ecumenical Temple.
  4467 | D:6      | Reached skill level 10 in Conjurations
  4556 | D:6      | Reached **** piety under Okawaru
  4624 | D:6      | Reached skill level 10 in Spellcasting
  4933 | D:6      | Reached skill level 1 in Short Blades
  4963 | D:6      | Found a basalt altar of Yredelemnul.
  5668 | D:7      | Found a radiant altar of Vehumet.
  5670 | D:7      | Found a white marble altar of Elyvilon.
  5670 | D:7      | Found a stormy altar of Qazlal.
  5671 | D:7      | Found a shimmering blue altar of Sif Muna.
  5761 | D:7      | Noticed Pikel
  5769 | D:7      | Killed Pikel
  5769 | D:7      | Reached ***** piety under Okawaru
  5769 | D:7      | Reached skill level 11 in Conjurations
  5769 | D:7      | Reached XP level 10. HP: 63/63 MP: 10/26
  5956 | D:7      | Noticed a fire dragon
  5957 | D:7      | Found a staircase to the Lair.
  5964 | D:7      | Killed from afar by a fire dragon

Skill      XL: |  1  2  3  4  5  6  7  8  9 |
---------------+----------------------------+-----
Conjurations   | 5 6 7 8 9 11 | 11.0
Spellcasting   | 3 5 7 9 10 | 10.9
Dodging        | 3 4 |  4.3
Fighting       | 1 2 3 4 |  4.0
Invocations    | 1 2 3 |  3.9
Short Blades   | 2 |  2.0
Stealth        | |  1.6

Action                   |  1- 3 |  4- 6 |  7- 9 | 10-12 || total
-------------------------+-------+-------+-------+-------++-------
Melee: Short sword       |       |       |    51 |       ||    51
 Cast: Magic Dart        |    86 |   113 |   245 |       ||   444
       Iskenderun's Myst |       |     8 |    65 |     4 ||    77
Invok: Heroism           |       |       |       |     1 ||     1
  Use: Scroll            |       |     2 |     5 |     1 ||     8
       Potion            |       |       |     2 |       ||     2
  Eat: Chunk             |       |     4 |    11 |       ||    15
Armor: Skin              |     2 |     6 |    39 |       ||    47
Dodge: Dodged            |     8 |    10 |    86 |     1 ||   105
Block: Other             |     3 |     4 |    63 |     1 ||    71
       Reflection        |       |       |     9 |       ||     9
